 Dungeon Crawl Stone Soup version 0.27-a0-40-g5f2be0e231 (webtiles) character file.

Game seed: 2510986706214964932

26 pistachioham the Vexing (level 2, -1/16 HPs)
             Began as a Deep Elf Arcane Marksman on Jan 5, 2021.
             Slain by a leopard gecko (4 damage)
             ... on level 2 of the Dungeon.
             The game lasted 00:11:08 (1681 turns).

pistachioham the Vexing (Deep Elf Arcane Marksman)  Turns: 1681, Time: 00:11:09

Health: -1/16      AC:  2    Str:  7    XL:     2   Next: 89%
Magic:  4/7        EV: 13    Int: 17    God:
Gold:   57         SH:  0    Dex: 15    Spells: 4/5 levels left

rFire    . . .     SeeInvis .   b - +0 dagger
rCold    . . .     Faith    .   (no shield)
rNeg     . . .     Spirit   .   g - +0 robe (curse)
rPois    .         Reflect  .   (no helmet)
rElec    .         Harm     .   (no cloak)
rCorr    .         Rampage  .   (no gloves)
Will     .....                  (no boots)
Stlth    +.........             (no amulet)
HPRegen  0.05/turn              (no ring)
MPRegen  0.10/turn              (no ring)

@: no status effects
A: no striking features
a: no special abilities


You were on level 2 of the Dungeon.
You visited 1 branch of the dungeon, and saw 2 of its levels.

You collected 57 gold pieces.

Inventory:

Hand Weapons
 a - a +0 shortbow
 b - a +0 dagger (weapon)
Missiles
 d - 14 arrows
Armour
 e - a +0 robe
 g - a cursed +0 robe (worn)
Jewellery
 h - an uncursed amulet of reflection {unknown}
Scrolls
 c - a scroll of noise {unknown}
 f - a scroll of random uselessness {unknown}
 k - a scroll of remove curse {unknown}
Potions
 i - a potion of ambrosia {unknown}
 j - a potion of invisibility {unknown}
 l - a potion of mutation {unknown}


   Skills:
 - Level 0.7 Fighting
 * Level 3.8 Bows
 - Level 2.4 Dodging
 + Level 2.3 Spellcasting
 + Level 4.4 Hexes


You had 4 spell levels left.
You knew the following spells:

 Your Spells              Type           Power        Failure   Level
a - Corona                Hex            18%          3%          1

Your spell library contained the following spells:

 Spells                   Type           Power        Failure   Level
 Slow                     Hex            17%          4%          2
 Inner Flame              Hex/Fire       9%           22%         3
 Portal Projectile        Hex/Tloc       18%          22%         3
 Cause Fear               Hex            8%           30%         4
 Leda's Liquefaction      Hex/Erth       4%           58%         4


Dungeon Overview and Level Annotations

Branches:
Dungeon (2/15)

Altars:
Xom


Message History

The rat is outlined in light.
The rat closely misses you.
You hit the rat.
You kill the rat!
Casting: Corona (safe; 3% risk of failure)
Confirm with . or Enter, or press ? or * to list all spells.
Aiming: Corona (safe; 3% risk of failure)
Press: ? - help, Shift-Dir - straight line, f - leopard gecko
Aim: a leopard gecko (chance to affect: 71%)
The leopard gecko is outlined in light.
The leopard gecko bites you. The leopard gecko closely misses you.
You hit the leopard gecko but do no damage.
The leopard gecko bites you.
You hit the leopard gecko.
The leopard gecko is lightly wounded.
The leopard gecko bites you.
* * * LOW HITPOINT WARNING * * *
You hit the leopard gecko.
The leopard gecko is severely wounded.
The leopard gecko bites you.
You die...

#.........#
###..[......#
###...........#
##########
##...##.########
.......(.####..####.#
.........†..........#
..#########.>÷<.....#
####÷÷....# #..#@####
#.##l# ##. #.#
####..##.#
......#.w######
..#.........#
.#####.#####... #.
#(# ...


You could see a worm and a leopard gecko (corona).

Vanquished Creatures
  A dart slug (D:1)
  2 giant cockroaches (D:1)
  5 goblins (D:1)
  2 hobgoblins (D:1)
  3 jackals (D:2)
  A ball python (D:2)
  2 bats
  A frilled lizard (D:1)
  4 kobolds (D:1)
  4 rats
25 creatures vanquished.

Notes
Turn   | Place    | Note
-------+----------+-------------------------------------------
     0 | D:1      | pistachioham the Deep Elf Arcane Marksman began the quest
                  | for the Orb.
     0 | D:1      | Reached XP level 1. HP: 11/11 MP: 5/5
   245 | D:1      | Reached XP level 2. HP: 16/16 MP: 5/7
   277 | D:1      | Found an ornate altar of the Wu Jian Council.
   280 | D:1      | Found a blossoming altar of Fedhas.
   280 | D:1      | Found a shimmering altar of Xom.
   289 | D:1      | Found an iron altar of Okawaru.
   289 | D:1      | Found a sparkling altar of Nemelex Xobeh.
   289 | D:1      | Found a burning altar of Makhleb.
  1681 | D:2      | Slain by a leopard gecko

Illustrated notes

Levels and vault maps discovered:
D:1:      psy_arrival_fountain, layout_loops_cross,
          amcnicky_mini_rare_corridor_liquid, minmay_misc_feat_five,
          minmay_misc_feat_doors, doesnt_xom_only_xom
D:2:      layout_rooms

Skill      XL: |  1 |
---------------+----+-----
Bows           | 3 |  3.8
Spellcasting   | 2 |  2.3
Fighting       | |  0.7
Dodging        | |  2.4
Hexes          | |  4.4

Action                   || total
-------------------------++-------
Melee: Dagger            ||    71
 Fire: Shortbow          ||    39
 Cast: Corona            ||    29
Armor: Robe              ||    16
Dodge: Dodged            ||   103

Table legend: (Time is in decaauts)
 A = Elapsed time spent in this place.
 B = Non-inter-level travel time spent in this place.
 C = Inter-level travel time spent in this place.
 D = Time resting spent in this place.
 E = Time spent auto-exploring this place.
 F = Levels seen in this place.
 G = Mean time per level.
                   A        B        C        D        E       F      G
               +--------+--------+--------+--------+--------+-----+--------+
         Total |   1678 |   1540 |    138 |    510 |    254 |   2 |  839.0 |
       Dungeon |   1678 |   1540 |    138 |    510 |    254 |   2 |  839.0 |
               +--------+--------+--------+--------+--------+-----+--------+

Top non-repeatable levels by time:
     D:1: 1319 daAuts
     D:2: 358 daAuts
